WCHLSIM.com - West Coast Hockey League
html PUBLIC "-//W3C//DTD XHTML 1.0 Transitional//EN" "http://www.w3.org/TR/xhtml1/DTD/xhtml1-transitional.dtd"> WCHL - Game 637 - ANCHORAGE ACES vs VICTORIA GLADIATORS

ANCHORAGE ACES vs VICTORIA GLADIATORS

Created - 16 février 2021 at 16:56

Goals
1 2 3 T
ANCHORAGE ACES 1 2 1 4
VICTORIA GLADIATORS 1 2 0 3
Shots
1 2 3 T
ANCHORAGE ACES 5 10 17 32
VICTORIA GLADIATORS 9 14 7 30

1st period

1. ANCHORAGE ACES , Nathan MacKinnon 24 (Connor McDavid 35) at 0:04
2. VICTORIA GLADIATORS , Bryan Rust 26 (Anze Kopitar 37) at 13:35

Penalties :
Ben Chiarot (ANC) for High sticking (Minor) at 1:33, Chris Kreider (ANC) for High sticking (Minor) at 8:25, Bryan Rust (VIC) for Hooking (Minor) at 13:42, Shea Weber (ANC) for Interference (Minor) at 19:15

2nd period

3. ANCHORAGE ACES , Nathan MacKinnon 25 (Ben Chiarot 7) at 13:19
4. VICTORIA GLADIATORS , Anze Kopitar 13 (Bryan Rust 21, Jaden Schwartz 26) at 13:43
5. ANCHORAGE ACES , Nathan MacKinnon 26 (Nikolaj Ehlers 23) at 16:17
6. VICTORIA GLADIATORS , Jared McCann 4 (Conor Garland 14, Derek Grant 5) at 18:45

Penalties :
No Penalty

3rd period

7. ANCHORAGE ACES , Seth Jones 8 (Shea Weber 14, Jacob de la Rose 4) at 11:28

Penalties :
No Penalty

Goalie Stats

Carey Price (ANC), 27 saves from 30 shots - (0,900), W, 15-9-4, 60:00 minutes
Robin Lehner (VIC), 28 saves from 32 shots - (0,875), L, 8-10-5, 59:23 minutes

Players Stats for ANCHORAGE ACES

Player Name              G  A  P  +/- PIM S  H  SB GA TA FO     MP     PP MP  PK MP  
------------------------------------------------------------------------------------
Artturi Lehkonen         0  0  0   0  0   1  0  0  0  0  0/0    11:13   0:00   0:48 
Ben Chiarot              0  1  1   1  2   0  2  1  0  0  0/0    20:48   0:52   2:44 
Cal Clutterbuck          0  0  0   0  0   0  1  0  0  0  0/0    12:18   0:00   1:53 
Carl Gunnarsson          0  0  0   0  0   1  1  0  0  0  0/0    13:58   0:00   0:23 
Chris Kreider            0  0  0  -2  2   2  5  0  0  0  0/0    18:53   1:07   0:00 
Connor McDavid           0  1  1   2  0   3  1  0  0  0  10/25  20:15   1:07   0:00 
Curtis Lazar             0  0  0   0  0   0  0  0  0  0  4/12   10:25   0:00   0:00 
Jacob de la Rose         0  1  1   1  0   1  1  0  0  0  3/8     6:37   0:00   1:53 
Jakob Silfverberg        0  0  0  -2  0   4  1  0  0  0  1/2    21:55   0:52   3:16 
Michael Frolik           0  0  0   1  0   0  0  0  0  0  0/0     4:44   0:00   0:00 
Nate Thompson            0  0  0   1  0   0  1  0  0  0  0/0     5:32   0:00   0:48 
Nathan Beaulieu          0  0  0   0  0   0  4  0  0  0  0/0    15:00   0:00   1:25 
Nathan MacKinnon         3  0  3   2  0   7  2  0  0  0  1/2    20:15   1:07   0:00 
Nikolaj Ehlers           0  1  1   2  0   6  1  0  0  0  2/2    20:00   0:52   0:00 
Phillip Danault          0  0  0  -2  0   2  3  0  0  0  10/29  21:55   0:52   3:16 
Seth Jones               1  0  1   0  0   1  1  2  0  0  0/0    25:42   1:07   3:19 
Shea Weber               0  1  1   0  2   1  1  2  0  0  0/0    24:03   1:07   1:41 
Zachary Werenski         0  0  0   1  0   3  0  5  0  0  0/0    20:27   0:52   2:22 

Players Stats for VICTORIA GLADIATORS

Player Name              G  A  P  +/- PIM S  H  SB GA TA FO     MP     PP MP  PK MP  
------------------------------------------------------------------------------------
Andrew Cogliano          0  0  0  -1  0   1  0  0  0  0  0/0     2:09   0:00   0:00 
Anze Kopitar             1  1  2   1  0   5  2  1  0  0  23/34  22:40   2:54   0:00 
Brady Skjei              0  0  0   1  0   1  0  2  0  0  0/0    21:57   2:54   0:00 
Bryan Rust               1  1  2   1  2   1  2  0  0  0  0/1    21:49   2:54   0:00 
Conor Garland            0  1  1   0  0   3  1  0  0  0  1/2    11:51   0:00   0:00 
Derek Grant              0  1  1   0  0   5  3  0  0  0  6/8    12:23   0:00   0:32 
Duncan Keith             0  0  0  -1  0   0  2  2  0  0  0/0    21:02   0:00   0:45 
Esa Lindell              0  0  0  -1  0   0  2  0  0  0  0/0    21:02   0:00   0:45 
Jaden Schwartz           0  1  1   1  0   1  0  0  0  0  0/0    22:22   2:54   0:32 
Jakub Voracek            0  0  0  -1  0   1  1  0  0  0  1/2    22:11   3:03   0:00 
Jared McCann             1  0  1   0  0   3  1  0  0  0  1/1    11:51   0:00   0:00 
Johan Larsson            0  0  0  -1  0   0  0  0  0  0  2/5     3:36   0:00   1:27 
Kyle Connor              0  0  0  -1  0   7  0  0  0  0  2/2    22:11   3:03   0:00 
Mattias Janmark          0  0  0  -1  0   0  0  0  0  0  0/0     3:36   0:00   1:27 
Mikael Backlund          0  0  0  -1  0   0  0  0  0  0  13/25  21:21   3:03   0:00 
Nick Holden              0  0  0  -1  0   1  2  0  0  0  0/0    17:01   3:03   1:14 
Nikita Zaitsev           0  0  0  -1  0   1  1  2  0  0  0/0    17:01   3:03   1:14 
Torey Krug               0  0  0   1  0   0  1  0  0  0  0/0    21:57   2:54   0:00 

3 Stars

1 - Nathan MacKinnon (ANC)
2 - Anze Kopitar (VIC)
3 - Bryan Rust (VIC)

Power Play

ANCHORAGE ACES - 0 on 1 Attempt(s) - 0,00%
VICTORIA GLADIATORS - 0 on 3 Attempt(s) - 0,00%

Penalty Kill

ANCHORAGE ACES - 3 on 3 Attempt(s) - 100,00% - Score 0 goal in Penalty Kill
VICTORIA GLADIATORS - 1 on 1 Attempt(s) - 100,00% - Score 0 goal in Penalty Kill

Team Stat

ANCHORAGE ACES - Hits : 25 - Faceoff Wins : 31 - Blocked Shots : 10 - Penalty Minutes : 6
VICTORIA GLADIATORS - Hits : 18 - Faceoff Wins : 49 - Blocked Shots : 7 - Penalty Minutes : 2

Official

Referees : Kyle Rehman and Brandon Blandina
Linesman : Devin Berg and Luke Galvin

Game Notes

Nathan MacKinnon has scored a Hat Trick!

Finance

Level 1 -- Attendance: 6300 (100,00%) -- Ticket Income 907 200 $
Level 2 -- Attendance: 5300 (100,00%) -- Ticket Income 551 200 $
Level 3 -- Attendance: 1892 (86,00%) -- Ticket Income 177 848 $
Level 4 -- Attendance: 4200 (100,00%) -- Ticket Income 226 800 $
Luxury Box -- Attendance: 885 (88,50%) -- Ticket Income 276 120 $
Game was played at the Verizon Center.
Total Attendance: 18577 (97,77%)
Total Ticket Income: 2 139 168 $
Other Expense: 21 392 $
Total Income: 2 117 776 $

ANCHORAGE ACES

5 vs 5 Forward 
   Center                   Left Wing                Right Wing               Time % Phy DF OF 
 1 Connor McDavid           Nikolaj Ehlers           Nathan MacKinnon         37     0   0  5  
 2 Phillip Danault          Chris Kreider            Jakob Silfverberg        33     0   1  4  
 3 Curtis Lazar             Artturi Lehkonen         Cal Clutterbuck          20     1   2  2  
 4 Jacob de la Rose         Nate Thompson            Michael Frolik           10     1   2  2  

5 vs 5 Defense 
   Defense                  Defense                                           Time % Phy DF OF 
 1 Shea Weber               Seth Jones                                        36     1   2  2  
 2 Zachary Werenski         Ben Chiarot                                       31     1   2  2  
 3 Carl Gunnarsson          Nathan Beaulieu                                   23     1   2  2  
 4 Shea Weber               Seth Jones                                        10     1   2  2  

PowerPlay Forward 
   Center                   Left Wing                Right Wing               Time % Phy DF OF 
 1 Nathan MacKinnon         Chris Kreider            Connor McDavid           55     0   0  5  
 2 Phillip Danault          Nikolaj Ehlers           Jakob Silfverberg        45     0   0  5  

PowerPlay Defense
   Defense                  Defense                                           Time % Phy DF OF 
 1 Shea Weber               Seth Jones                                        55     1   2  2  
 2 Zachary Werenski         Ben Chiarot                                       45     1   2  2  

Penalty Kill 4 Players Forward 
   Center                   Wing                     Time % Phy DF OF 
 1 Phillip Danault          Jakob Silfverberg        55     1   3  1  
 2 Jacob de la Rose         Cal Clutterbuck          45     1   3  1  

Penalty Kill 4 Players Defense
   Defense                  Defense                  Time % Phy DF OF 
 1 Seth Jones               Shea Weber               55     1   3  1  
 2 Ben Chiarot              Zachary Werenski         45     1   3  1  

Penalty Kill - 3 Players Forward 
   Forward                                           Time % Phy DF OF 
 1 Phillip Danault                                   55     0   5  0  
 2 Cal Clutterbuck                                   45     0   5  0  

Penalty Kill - 3 Players Defense
   Defense                  Defense                  Time % Phy DF OF 
 1 Seth Jones               Shea Weber               55     0   5  0  
 2 Nathan Beaulieu          Carl Gunnarsson          45     0   5  0  

4 vs 4 Forward 
   Center                   Wing                     Time % Phy DF OF 
 1 Connor McDavid           Nathan MacKinnon         55     1   2  2  
 2 Nikolaj Ehlers           Artturi Lehkonen         45     1   2  2  

4 vs 4 Defense
   Defense                  Defense                  Time % Phy DF OF 
 1 Shea Weber               Seth Jones               55     1   2  2  
 2 Carl Gunnarsson          Nathan Beaulieu          45     1   2  2  

Last Minutes Offensive
   Center                   Left Wing                Right Wing               Defense                  Defense                  
   Nathan MacKinnon         Nikolaj Ehlers           Connor McDavid           Shea Weber               Seth Jones               

Last Minutes Defensive
   Center                   Left Wing                Right Wing               Defense                  Defense                  
   Phillip Danault          Chris Kreider            Jakob Silfverberg        Shea Weber               Seth Jones               

Goaltenders
Starting : Carey Price              
Backup : James Reimer             

Extra Forwards
Normal : Curtis Lazar, Nathan MacKinnon, Connor McDavid - PP : Chris Kreider, Jakob Silfverberg - PK : Jacob de la Rose
Extra Defensemen
Normal : Seth Jones, Shea Weber, Zachary Werenski - PP : Seth Jones - PK : Ben Chiarot, Shea Weber
Penalty Shots
Curtis Lazar, Nathan MacKinnon, Connor McDavid, Chris Kreider, Jakob Silfverberg
Custom OT Lines Forwards
Nathan MacKinnon, Nikolaj Ehlers, Connor McDavid, Chris Kreider, Phillip Danault, Jakob Silfverberg, Artturi Lehkonen, Curtis Lazar, Jacob de la Rose, Michael Frolik
Custom OT Lines Defensemen
Seth Jones, Shea Weber, Zachary Werenski, Ben Chiarot, Carl Gunnarsson

Scratches
Robert Bortuzzo (Torso Injury)

VICTORIA GLADIATORS

5 vs 5 Forward 
   Center                   Left Wing                Right Wing               Time % Phy DF OF 
 1 Anze Kopitar             Jaden Schwartz           Bryan Rust               37     0   1  4  
 2 Mikael Backlund          Kyle Connor              Jakub Voracek            34     0   2  3  
 3 Derek Grant              Jared McCann             Conor Garland            23     0   3  2  
 4 Johan Larsson            Andrew Cogliano          Mattias Janmark          6      0   4  1  

5 vs 5 Defense 
   Defense                  Defense                                           Time % Phy DF OF 
 1 Duncan Keith             Esa Lindell                                       40     0   4  1  
 2 Torey Krug               Brady Skjei                                       35     0   4  1  
 3 Nick Holden              Nikita Zaitsev                                    25     0   4  1  
 4 Duncan Keith             Esa Lindell                                       0      0   1  4  

PowerPlay Forward 
   Center                   Left Wing                Right Wing               Time % Phy DF OF 
 1 Anze Kopitar             Jaden Schwartz           Bryan Rust               50     0   0  5  
 2 Mikael Backlund          Kyle Connor              Jakub Voracek            50     0   0  5  

PowerPlay Defense
   Defense                  Defense                                           Time % Phy DF OF 
 1 Torey Krug               Brady Skjei                                       50     0   1  4  
 2 Nick Holden              Nikita Zaitsev                                    50     0   1  4  

Penalty Kill 4 Players Forward 
   Center                   Wing                     Time % Phy DF OF 
 1 Johan Larsson            Mattias Janmark          50     0   4  1  
 2 Derek Grant              Jaden Schwartz           50     0   4  1  

Penalty Kill 4 Players Defense
   Defense                  Defense                  Time % Phy DF OF 
 1 Duncan Keith             Esa Lindell              50     0   4  1  
 2 Nick Holden              Nikita Zaitsev           50     0   4  1  

Penalty Kill - 3 Players Forward 
   Forward                                           Time % Phy DF OF 
 1 Johan Larsson                                     50     0   5  0  
 2 Derek Grant                                       50     0   5  0  

Penalty Kill - 3 Players Defense
   Defense                  Defense                  Time % Phy DF OF 
 1 Duncan Keith             Esa Lindell              50     1   2  2  
 2 Torey Krug               Brady Skjei              50     1   2  2  

4 vs 4 Forward 
   Center                   Wing                     Time % Phy DF OF 
 1 Anze Kopitar             Kyle Connor              50     0   2  3  
 2 Jared McCann             Jakub Voracek            50     0   2  3  

4 vs 4 Defense
   Defense                  Defense                  Time % Phy DF OF 
 1 Nick Holden              Nikita Zaitsev           50     1   2  2  
 2 Torey Krug               Brady Skjei              50     1   2  2  

Last Minutes Offensive
   Center                   Left Wing                Right Wing               Defense                  Defense                  
   Anze Kopitar             Kyle Connor              Jakub Voracek            Torey Krug               Brady Skjei              

Last Minutes Defensive
   Center                   Left Wing                Right Wing               Defense                  Defense                  
   Johan Larsson            Mattias Janmark          Conor Garland            Duncan Keith             Esa Lindell              

Goaltenders
Starting : Robin Lehner             
Backup : Carter Hart              

Extra Forwards
Normal : Kyle Connor, Jared McCann, Jaden Schwartz - PP : Conor Garland, Jared McCann - PK : Andrew Cogliano
Extra Defensemen
Normal : Brady Skjei, Nick Holden, Torey Krug - PP : Brady Skjei - PK : Nick Holden, Esa Lindell
Penalty Shots
Anze Kopitar, Bryan Rust, Kyle Connor, Jaden Schwartz, Jakub Voracek
Custom OT Lines Forwards
Anze Kopitar, Bryan Rust, Kyle Connor, Jaden Schwartz, Jakub Voracek, Mikael Backlund, Jared McCann, Conor Garland, Mattias Janmark, Johan Larsson
Custom OT Lines Defensemen
Duncan Keith, Esa Lindell, Brady Skjei, Nick Holden, Torey Krug

Scratches
None


% Time on Ice - ANCHORAGE ACES

Lines # - Real PCT - Wanted PCT - Time Play
Normal Forward
1 - 37% - 37% - 19:08
2 - 33% - 33% - 16:57
3 - 20% - 20% - 10:25
4 - 9% - 10% - 4:44
Normal Defense
1 - 35% - 36% - 17:59
2 - 34% - 31% - 17:13
3 - 27% - 23% - 13:35
4 - 5% - 10% - 2:27
PP Forward
1 - 56% - 55% - 1:07
2 - 44% - 45% - 0:52
PP Defense
1 - 56% - 55% - 1:07
2 - 44% - 45% - 0:52
PK Forward
1 - 68% - 55% - 4:04
2 - 32% - 45% - 1:53
PK Defense
1 - 59% - 55% - 3:29
2 - 41% - 45% - 2:28
PK3 Forward
1 - 0% - 55%
2 - 0% - 45%
PK3 Defense
1 - 0% - 55%
2 - 0% - 45%
44 Forward
1 - 0% - 55%
2 - 0% - 45%
44 Defense
1 - 0% - 55%
2 - 0% - 45%
Last Minute Offensive  - 0:00
Last Minute Defensive  - 0:50
Total
Forward - 60:00
Defense - 60:00

% Time on Ice - VICTORIA GLADIATORS

Lines # - Real PCT - Wanted PCT - Time Play
Normal Forward
1 - 37% - 37% - 18:56
2 - 36% - 34% - 18:18
3 - 23% - 23% - 11:51
4 - 4% - 6% - 2:09
Normal Defense
1 - 40% - 40% - 20:17
2 - 36% - 35% - 18:13
3 - 25% - 25% - 12:44
4 - 0% - 0% - 0:00
PP Forward
1 - 49% - 50% - 2:54
2 - 51% - 50% - 3:03
PP Defense
1 - 49% - 50% - 2:54
2 - 51% - 50% - 3:03
PK Forward
1 - 73% - 50% - 1:27
2 - 27% - 50% - 0:32
PK Defense
1 - 38% - 50% - 0:45
2 - 62% - 50% - 1:14
PK3 Forward
1 - 0% - 50%
2 - 0% - 50%
PK3 Defense
1 - 0% - 50%
2 - 0% - 50%
44 Forward
1 - 0% - 50%
2 - 0% - 50%
44 Defense
1 - 0% - 50%
2 - 0% - 50%
Last Minute Offensive  - 0:50
Last Minute Defensive  - 0:00
Total
Forward - 60:00
Defense - 60:00

Play-by-Play

1st period


0:01 of 1st period - Connor McDavid wins face-off versus Anze Kopitar in neutral zone.
0:04 of 1st period - Shot by Nathan MacKinnon.
0:04 of 1st period - Goal by Nathan MacKinnon - ANCHORAGE ACES : 1 - VICTORIA GLADIATORS : 0.
0:05 of 1st period - Mikael Backlund wins face-off versus Phillip Danault in neutral zone.
0:30 of 1st period - Shot by Jakub Voracek.
0:30 of 1st period - Shot Blocked by Zachary Werenski.
0:32 of 1st period - Shot by Torey Krug.
0:32 of 1st period - Shot Blocked by Zachary Werenski.
1:33 of 1st period - Minor Penalty to Ben Chiarot for High sticking.
1:34 of 1st period - Jacob de la Rose wins face-off versus Mikael Backlund in ANCHORAGE ACES zone.
2:07 of 1st period - Shea Weber is hit by Jakub Voracek and loses puck.
2:26 of 1st period - Artturi Lehkonen is hit by Bryan Rust and loses puck.
3:04 of 1st period - Artturi Lehkonen is hit by Bryan Rust and loses puck.
3:44 of 1st period - Derek Grant is hit by Nathan MacKinnon and loses puck.
3:55 of 1st period - Shot by Connor McDavid.
3:55 of 1st period - Stopped by Robin Lehner without a rebound.
3:56 of 1st period - Curtis Lazar wins face-off versus Johan Larsson in VICTORIA GLADIATORS zone.
3:56 of 1st period - Curtis Lazar is hit by Duncan Keith.
4:01 of 1st period - Artturi Lehkonen is hit by Esa Lindell and loses puck.
4:17 of 1st period - Shot by Andrew Cogliano.
4:17 of 1st period - Shot Misses the Net.
4:19 of 1st period - Shot by Johan Larsson.
4:19 of 1st period - Deflect By Andrew Cogliano.
4:19 of 1st period - Stopped by Carey Price with a rebound.
4:55 of 1st period - Shot by Derek Grant.
4:55 of 1st period - Stopped by Carey Price without a rebound.
4:56 of 1st period - Connor McDavid wins face-off versus Anze Kopitar in ANCHORAGE ACES zone.
5:05 of 1st period - Icing by Anze Kopitar.
5:06 of 1st period - Connor McDavid wins face-off versus Anze Kopitar in VICTORIA GLADIATORS zone.
5:25 of 1st period - Shot by Anze Kopitar.
5:25 of 1st period - Shot Blocked by Shea Weber.
5:27 of 1st period - Shot by Bryan Rust.
5:27 of 1st period - Shot Misses the Net.
6:19 of 1st period - Shot by Jakub Voracek.
6:19 of 1st period - Deflect By Kyle Connor.
6:19 of 1st period - Shot Misses the Net.
6:21 of 1st period - Shot by Mikael Backlund.
6:21 of 1st period - Shot Misses the Net.
6:23 of 1st period - Shot by Kyle Connor.
6:23 of 1st period - Shot Misses the Net.
7:29 of 1st period - Shot by Conor Garland.
7:29 of 1st period - Stopped by Carey Price without a rebound.
7:30 of 1st period - Anze Kopitar wins face-off versus Jacob de la Rose in ANCHORAGE ACES zone.
7:31 of 1st period - Shot by Torey Krug.
7:31 of 1st period - Shot Misses the Net.
7:43 of 1st period - Brady Skjei is hit by Nate Thompson and loses puck.
8:05 of 1st period - Ben Chiarot is hit by Torey Krug and loses puck.
8:10 of 1st period - Shot by Jacob de la Rose.
8:10 of 1st period - Stopped by Robin Lehner without a rebound.
8:11 of 1st period - Mikael Backlund wins face-off versus Phillip Danault in VICTORIA GLADIATORS zone.
8:11 of 1st period - Mikael Backlund is hit by Chris Kreider.
8:25 of 1st period - Minor Penalty to Chris Kreider for High sticking.
8:26 of 1st period - Phillip Danault wins face-off versus Mikael Backlund in ANCHORAGE ACES zone.
9:24 of 1st period - Brady Skjei is hit by Jakob Silfverberg and loses puck.
11:20 of 1st period - Shea Weber is hit by Derek Grant and loses puck.
12:06 of 1st period - Mikael Backlund is hit by Jacob de la Rose and loses puck.
12:59 of 1st period - Off-side.
13:00 of 1st period - Johan Larsson wins face-off versus Phillip Danault in neutral zone.
13:27 of 1st period - Off-side.
13:28 of 1st period - Anze Kopitar wins face-off versus Connor McDavid in neutral zone.
13:31 of 1st period - Shot by Anze Kopitar.
13:31 of 1st period - Stopped by Carey Price without a rebound.
13:32 of 1st period - Anze Kopitar wins face-off versus Connor McDavid in ANCHORAGE ACES zone.
13:35 of 1st period - Shot by Bryan Rust.
13:35 of 1st period - Goal by Bryan Rust - ANCHORAGE ACES : 1 - VICTORIA GLADIATORS : 1.
13:36 of 1st period - Anze Kopitar wins face-off versus Phillip Danault in neutral zone.
13:42 of 1st period - Minor Penalty to Bryan Rust for Hooking.
13:43 of 1st period - Nathan MacKinnon wins face-off versus Johan Larsson in VICTORIA GLADIATORS zone.
14:06 of 1st period - Shot by Nathan MacKinnon.
14:06 of 1st period - Stopped by Robin Lehner without a rebound.
14:07 of 1st period - Derek Grant wins face-off versus Phillip Danault in VICTORIA GLADIATORS zone.
14:07 of 1st period - Derek Grant is hit by Phillip Danault.
16:03 of 1st period - Shot by Kyle Connor.
16:03 of 1st period - Stopped by Carey Price without a rebound.
16:04 of 1st period - Anze Kopitar wins face-off versus Jacob de la Rose in ANCHORAGE ACES zone.
16:28 of 1st period - Icing by Zachary Werenski.
16:29 of 1st period - Jacob de la Rose wins face-off versus Mikael Backlund in ANCHORAGE ACES zone.
16:48 of 1st period - Shot by Zachary Werenski.
16:48 of 1st period - Shot Blocked by Brady Skjei.
16:50 of 1st period - Shot by Zachary Werenski.
16:50 of 1st period - Stopped by Robin Lehner without a rebound.
16:51 of 1st period - Anze Kopitar wins face-off versus Phillip Danault in VICTORIA GLADIATORS zone.
16:55 of 1st period - Icing by Jaden Schwartz.
16:56 of 1st period - Phillip Danault wins face-off versus Anze Kopitar in VICTORIA GLADIATORS zone.
19:12 of 1st period - Shot by Jared McCann.
19:12 of 1st period - Shot Misses the Net.
19:14 of 1st period - Shot by Conor Garland.
19:14 of 1st period - Stopped by Carey Price without a rebound.
19:15 of 1st period - Johan Larsson wins face-off versus Curtis Lazar in ANCHORAGE ACES zone.
19:15 of 1st period - Minor Penalty to Shea Weber for Interference.
19:16 of 1st period - Phillip Danault wins face-off versus Anze Kopitar in ANCHORAGE ACES zone.
19:38 of 1st period - Anze Kopitar is hit by Seth Jones and loses puck.
19:52 of 1st period - Shot by Jaden Schwartz.
19:52 of 1st period - Stopped by Carey Price without a rebound.
19:53 of 1st period - Mikael Backlund wins face-off versus Phillip Danault in ANCHORAGE ACES zone.
19:54 of 1st period - Shot by Jakub Voracek.
19:54 of 1st period - Stopped by Carey Price with a rebound.
19:56 of 1st period - Shot by Kyle Connor.
19:56 of 1st period - Shot Blocked by Zachary Werenski.
19:58 of 1st period - Shot by Nick Holden.
19:58 of 1st period - Shot Blocked by Seth Jones.
Goals for this period are 1 for ANCHORAGE ACES vs 1 for VICTORIA GLADIATORS.
Shots for this period are 5 for ANCHORAGE ACES vs 9 for VICTORIA GLADIATORS.

2nd period


0:01 of 2nd period - Phillip Danault wins face-off versus Jakub Voracek in neutral zone.
0:26 of 2nd period - Shot by Kyle Connor.
0:26 of 2nd period - Shot Misses the Net.
0:28 of 2nd period - Shot by Nikita Zaitsev.
0:28 of 2nd period - Stopped by Carey Price with a rebound.
0:30 of 2nd period - Shot by Nick Holden.
0:30 of 2nd period - Shot Hit the Post.
1:23 of 2nd period - Icing by Carl Gunnarsson.
1:24 of 2nd period - Conor Garland wins face-off versus Connor McDavid in ANCHORAGE ACES zone.
1:27 of 2nd period - Shot by Derek Grant.
1:27 of 2nd period - Deflect By Conor Garland.
1:27 of 2nd period - Stopped by Carey Price with a rebound.
1:47 of 2nd period - Nikolaj Ehlers is hit by Conor Garland and loses puck.
1:58 of 2nd period - Shot by Derek Grant.
1:58 of 2nd period - Stopped by Carey Price without a rebound.
1:59 of 2nd period - Anze Kopitar wins face-off versus Curtis Lazar in ANCHORAGE ACES zone.
2:04 of 2nd period - Shot by Jaden Schwartz.
2:04 of 2nd period - Shot Blocked by Seth Jones.
2:25 of 2nd period - Shot by Anze Kopitar.
2:25 of 2nd period - Stopped by Carey Price without a rebound.
2:26 of 2nd period - Mikael Backlund wins face-off versus Jakob Silfverberg in ANCHORAGE ACES zone.
2:33 of 2nd period - Shot by Mikael Backlund.
2:33 of 2nd period - Shot Blocked by Zachary Werenski.
2:57 of 2nd period - Icing by Nikita Zaitsev.
2:58 of 2nd period - Connor McDavid wins face-off versus Mikael Backlund in VICTORIA GLADIATORS zone.
3:07 of 2nd period - Shot by Connor McDavid.
3:07 of 2nd period - Shot Misses the Net.
3:12 of 2nd period - Off-side.
3:13 of 2nd period - Anze Kopitar wins face-off versus Curtis Lazar in neutral zone.
3:16 of 2nd period - Shot by Anze Kopitar.
3:16 of 2nd period - Stopped by Carey Price without a rebound.
3:17 of 2nd period - Anze Kopitar wins face-off versus Phillip Danault in ANCHORAGE ACES zone.
3:21 of 2nd period - Jaden Schwartz is hit by Shea Weber and loses puck.
3:24 of 2nd period - Shot by Brady Skjei.
3:24 of 2nd period - Stopped by Carey Price without a rebound.
3:25 of 2nd period - Phillip Danault wins face-off versus Anze Kopitar in ANCHORAGE ACES zone.
3:25 of 2nd period - Phillip Danault is hit by Anze Kopitar.
3:47 of 2nd period - Shot by Chris Kreider.
3:47 of 2nd period - Deflect By Jakob Silfverberg.
3:47 of 2nd period - Shot Blocked by Brady Skjei.
3:49 of 2nd period - Shot by Phillip Danault.
3:49 of 2nd period - Stopped by Robin Lehner without a rebound.
3:50 of 2nd period - Nikolaj Ehlers wins face-off versus Mikael Backlund in VICTORIA GLADIATORS zone.
3:53 of 2nd period - Shot by Connor McDavid.
3:53 of 2nd period - Shot Misses the Net.
5:21 of 2nd period - Shot by Anze Kopitar.
5:21 of 2nd period - Shot Misses the Net.
5:52 of 2nd period - Chris Kreider is hit by Nikita Zaitsev and loses puck.
6:37 of 2nd period - Shot by Cal Clutterbuck.
6:37 of 2nd period - Shot Misses the Net.
6:39 of 2nd period - Shot by Artturi Lehkonen.
6:39 of 2nd period - Shot Blocked by Nikita Zaitsev.
6:41 of 2nd period - Shot by Zachary Werenski.
6:41 of 2nd period - Stopped by Robin Lehner with a rebound.
7:16 of 2nd period - Off-side.
7:17 of 2nd period - Anze Kopitar wins face-off versus Connor McDavid in neutral zone.
8:03 of 2nd period - Icing by Duncan Keith.
8:04 of 2nd period - Phillip Danault wins face-off versus Anze Kopitar in VICTORIA GLADIATORS zone.
8:09 of 2nd period - Shot by Phillip Danault.
8:09 of 2nd period - Stopped by Robin Lehner without a rebound.
8:10 of 2nd period - Mikael Backlund wins face-off versus Phillip Danault in VICTORIA GLADIATORS zone.
8:30 of 2nd period - Torey Krug is hit by Chris Kreider and loses puck.
9:25 of 2nd period - Off-side.
9:26 of 2nd period - Anze Kopitar wins face-off versus Connor McDavid in neutral zone.
9:31 of 2nd period - Zachary Werenski is hit by Anze Kopitar and loses puck.
9:42 of 2nd period - Shot by Bryan Rust.
9:42 of 2nd period - Shot Misses the Net.
9:44 of 2nd period - Shot by Anze Kopitar.
9:44 of 2nd period - Stopped by Carey Price without a rebound.
9:45 of 2nd period - Curtis Lazar wins face-off versus Conor Garland in ANCHORAGE ACES zone.
9:45 of 2nd period - Curtis Lazar is hit by Jared McCann.
10:07 of 2nd period - Artturi Lehkonen is hit by Derek Grant and loses puck.
11:17 of 2nd period - Shot by Nathan MacKinnon.
11:17 of 2nd period - Shot Misses the Net.
11:41 of 2nd period - Icing by Nick Holden.
11:42 of 2nd period - Jakob Silfverberg wins face-off versus Mikael Backlund in VICTORIA GLADIATORS zone.
12:07 of 2nd period - Shot by Kyle Connor.
12:07 of 2nd period - Stopped by Carey Price without a rebound.
12:08 of 2nd period - Derek Grant wins face-off versus Curtis Lazar in ANCHORAGE ACES zone.
12:37 of 2nd period - Shot by Derek Grant.
12:37 of 2nd period - Stopped by Carey Price with a rebound.
13:04 of 2nd period - Jakob Silfverberg is hit by Duncan Keith and loses puck.
13:11 of 2nd period - Shot by Jakob Silfverberg.
13:11 of 2nd period - Stopped by Robin Lehner without a rebound.
13:12 of 2nd period - Connor McDavid wins face-off versus Mikael Backlund in VICTORIA GLADIATORS zone.
13:19 of 2nd period - Shot by Nathan MacKinnon.
13:19 of 2nd period - Goal by Nathan MacKinnon - ANCHORAGE ACES : 2 - VICTORIA GLADIATORS : 1.
13:20 of 2nd period - Anze Kopitar wins face-off versus Phillip Danault in neutral zone.
13:43 of 2nd period - Shot by Anze Kopitar.
13:43 of 2nd period - Goal by Anze Kopitar - ANCHORAGE ACES : 2 - VICTORIA GLADIATORS : 2.
13:44 of 2nd period - Mikael Backlund wins face-off versus Connor McDavid in neutral zone.
13:54 of 2nd period - Connor McDavid is hit by Nick Holden and loses puck.
14:13 of 2nd period - Nikolaj Ehlers is hit by Nick Holden and loses puck.
14:27 of 2nd period - Shot by Nikolaj Ehlers.
14:27 of 2nd period - Stopped by Robin Lehner without a rebound.
14:28 of 2nd period - Phillip Danault wins face-off versus Anze Kopitar in VICTORIA GLADIATORS zone.
15:16 of 2nd period - Shot by Chris Kreider.
15:16 of 2nd period - Stopped by Robin Lehner without a rebound.
15:17 of 2nd period - Mikael Backlund wins face-off versus Curtis Lazar in VICTORIA GLADIATORS zone.
15:17 of 2nd period - Kyle Connor is hit by Cal Clutterbuck and loses puck.
15:31 of 2nd period - Jakub Voracek is hit by Nathan Beaulieu and loses puck.
15:43 of 2nd period - Kyle Connor is hit by Nathan Beaulieu and loses puck.
15:52 of 2nd period - Shot by Kyle Connor.
15:52 of 2nd period - Stopped by Carey Price with a rebound.
15:54 of 2nd period - Shot by Kyle Connor.
15:54 of 2nd period - Stopped by Carey Price without a rebound.
15:55 of 2nd period - Nikolaj Ehlers wins face-off versus Derek Grant in ANCHORAGE ACES zone.
16:15 of 2nd period - Shot by Nikolaj Ehlers.
16:15 of 2nd period - Shot Misses the Net.
16:17 of 2nd period - Shot by Nathan MacKinnon.
16:17 of 2nd period - Goal by Nathan MacKinnon - ANCHORAGE ACES : 3 - VICTORIA GLADIATORS : 2.
16:18 of 2nd period - Anze Kopitar wins face-off versus Phillip Danault in neutral zone.
16:18 of 2nd period - Jaden Schwartz is hit by Chris Kreider.
16:40 of 2nd period - Shot by Chris Kreider.
16:40 of 2nd period - Deflect By Jakob Silfverberg.
16:40 of 2nd period - Stopped by Robin Lehner with a rebound.
16:42 of 2nd period - Shot by Phillip Danault.
16:42 of 2nd period - Shot Hit the Post.
16:44 of 2nd period - Shot by Jakob Silfverberg.
16:44 of 2nd period - Deflect By Chris Kreider.
16:44 of 2nd period - Stopped by Robin Lehner without a rebound.
16:45 of 2nd period - Connor McDavid wins face-off versus Mikael Backlund in VICTORIA GLADIATORS zone.
17:07 of 2nd period - Shot by Mikael Backlund.
17:07 of 2nd period - Shot Misses the Net.
18:18 of 2nd period - Shot by Jaden Schwartz.
18:18 of 2nd period - Shot Blocked by Ben Chiarot.
18:20 of 2nd period - Shot by Jaden Schwartz.
18:20 of 2nd period - Deflect By Bryan Rust.
18:20 of 2nd period - Shot Blocked by Zachary Werenski.
18:39 of 2nd period - Off-side.
18:40 of 2nd period - Derek Grant wins face-off versus Phillip Danault in neutral zone.
18:43 of 2nd period - Shot by Jared McCann.
18:43 of 2nd period - Stopped by Carey Price without a rebound.
18:44 of 2nd period - Derek Grant wins face-off versus Phillip Danault in ANCHORAGE ACES zone.
18:45 of 2nd period - Shot by Conor Garland.
18:45 of 2nd period - Deflect By Jared McCann.
18:45 of 2nd period - Goal by Jared McCann - ANCHORAGE ACES : 3 - VICTORIA GLADIATORS : 3.
18:46 of 2nd period - Mikael Backlund wins face-off versus Phillip Danault in neutral zone.
19:27 of 2nd period - Shot by Jakub Voracek.
19:27 of 2nd period - Shot Misses the Net.
19:47 of 2nd period - Mikael Backlund is hit by Chris Kreider and loses puck.
19:55 of 2nd period - Icing by Duncan Keith.
19:56 of 2nd period - Curtis Lazar wins face-off versus Mikael Backlund in VICTORIA GLADIATORS zone.
Goals for this period are 2 for ANCHORAGE ACES vs 2 for VICTORIA GLADIATORS.
Shots for this period are 10 for ANCHORAGE ACES vs 14 for VICTORIA GLADIATORS.

3rd period


0:01 of 3rd period - Anze Kopitar wins face-off versus Phillip Danault in neutral zone.
0:39 of 3rd period - Shot by Jakob Silfverberg.
0:39 of 3rd period - Stopped by Robin Lehner with a rebound.
1:25 of 3rd period - Icing by Carl Gunnarsson.
1:26 of 3rd period - Connor McDavid wins face-off versus Mikael Backlund in ANCHORAGE ACES zone.
1:48 of 3rd period - Shot by Kyle Connor.
1:48 of 3rd period - Stopped by Carey Price without a rebound.
1:49 of 3rd period - Jared McCann wins face-off versus Curtis Lazar in ANCHORAGE ACES zone.
2:52 of 3rd period - Chris Kreider is hit by Esa Lindell and loses puck.
3:01 of 3rd period - Shot by Jakob Silfverberg.
3:01 of 3rd period - Stopped by Robin Lehner without a rebound.
3:02 of 3rd period - Anze Kopitar wins face-off versus Connor McDavid in VICTORIA GLADIATORS zone.
3:02 of 3rd period - Anze Kopitar is hit by Nikolaj Ehlers.
3:07 of 3rd period - Icing by Jaden Schwartz.
3:08 of 3rd period - Anze Kopitar wins face-off versus Connor McDavid in VICTORIA GLADIATORS zone.
3:17 of 3rd period - Shot by Anze Kopitar.
3:17 of 3rd period - Shot Misses the Net.
3:25 of 3rd period - Anze Kopitar is hit by Nathan MacKinnon and loses puck.
3:50 of 3rd period - Shot by Nathan MacKinnon.
3:50 of 3rd period - Stopped by Robin Lehner without a rebound.
3:51 of 3rd period - Phillip Danault wins face-off versus Mikael Backlund in VICTORIA GLADIATORS zone.
4:35 of 3rd period - Shot by Kyle Connor.
4:35 of 3rd period - Shot Misses the Net.
4:57 of 3rd period - Shot by Conor Garland.
4:57 of 3rd period - Shot Misses the Net.
4:59 of 3rd period - Shot by Jared McCann.
4:59 of 3rd period - Stopped by Carey Price without a rebound.
5:00 of 3rd period - Anze Kopitar wins face-off versus Curtis Lazar in ANCHORAGE ACES zone.
6:01 of 3rd period - Shea Weber is hit by Derek Grant and loses puck.
6:14 of 3rd period - Shot by Derek Grant.
6:14 of 3rd period - Stopped by Carey Price without a rebound.
6:15 of 3rd period - Mikael Backlund wins face-off versus Connor McDavid in ANCHORAGE ACES zone.
6:19 of 3rd period - Jakub Voracek is hit by Ben Chiarot and loses puck.
6:26 of 3rd period - Duncan Keith is hit by Connor McDavid and loses puck.
6:33 of 3rd period - Shot by Connor McDavid.
6:33 of 3rd period - Shot Misses the Net.
6:35 of 3rd period - Shot by Zachary Werenski.
6:35 of 3rd period - Stopped by Robin Lehner with a rebound.
6:41 of 3rd period - Shot by Nathan MacKinnon.
6:41 of 3rd period - Stopped by Robin Lehner without a rebound.
6:42 of 3rd period - Derek Grant wins face-off versus Phillip Danault in VICTORIA GLADIATORS zone.
7:15 of 3rd period - Nikita Zaitsev is hit by Phillip Danault.
7:19 of 3rd period - Shot by Phillip Danault.
7:19 of 3rd period - Shot Misses the Net.
7:37 of 3rd period - Shot by Nikolaj Ehlers.
7:37 of 3rd period - Stopped by Robin Lehner without a rebound.
7:38 of 3rd period - Anze Kopitar wins face-off versus Nathan MacKinnon in VICTORIA GLADIATORS zone.
7:53 of 3rd period - Shot by Nikolaj Ehlers.
7:53 of 3rd period - Stopped by Robin Lehner with a rebound.
7:55 of 3rd period - Shot by Shea Weber.
7:55 of 3rd period - Stopped by Robin Lehner without a rebound.
7:56 of 3rd period - Mikael Backlund wins face-off versus Jacob de la Rose in VICTORIA GLADIATORS zone.
8:22 of 3rd period - Icing by Torey Krug.
8:23 of 3rd period - Mikael Backlund wins face-off versus Connor McDavid in VICTORIA GLADIATORS zone.
8:25 of 3rd period - Icing by Jakub Voracek.
8:26 of 3rd period - Mikael Backlund wins face-off versus Connor McDavid in VICTORIA GLADIATORS zone.
8:36 of 3rd period - Icing by Nathan MacKinnon.
8:37 of 3rd period - Connor McDavid wins face-off versus Bryan Rust in ANCHORAGE ACES zone.
8:42 of 3rd period - Shot by Connor McDavid.
8:42 of 3rd period - Stopped by Robin Lehner without a rebound.
8:43 of 3rd period - Anze Kopitar wins face-off versus Connor McDavid in VICTORIA GLADIATORS zone.
9:22 of 3rd period - Shot by Nathan MacKinnon.
9:22 of 3rd period - Shot Misses the Net.
9:24 of 3rd period - Shot by Shea Weber.
9:24 of 3rd period - Shot Misses the Net.
9:26 of 3rd period - Shot by Seth Jones.
9:26 of 3rd period - Shot Misses the Net.
9:28 of 3rd period - Shot by Nathan MacKinnon.
9:28 of 3rd period - Shot Blocked by Duncan Keith.
9:30 of 3rd period - Shot by Nikolaj Ehlers.
9:30 of 3rd period - Deflect By Connor McDavid.
9:30 of 3rd period - Shot Misses the Net.
10:56 of 3rd period - Shot by Derek Grant.
10:56 of 3rd period - Stopped by Carey Price without a rebound.
10:57 of 3rd period - Jacob de la Rose wins face-off versus Johan Larsson in ANCHORAGE ACES zone.
11:24 of 3rd period - Shot by Nate Thompson.
11:24 of 3rd period - Deflect By Jacob de la Rose.
11:24 of 3rd period - Shot Misses the Net.
11:28 of 3rd period - Shot by Seth Jones.
11:28 of 3rd period - Goal by Seth Jones - ANCHORAGE ACES : 4 - VICTORIA GLADIATORS : 3.
11:29 of 3rd period - Anze Kopitar wins face-off versus Connor McDavid in neutral zone.
11:44 of 3rd period - Shot by Nathan MacKinnon.
11:44 of 3rd period - Shot Misses the Net.
11:46 of 3rd period - Shot by Nathan MacKinnon.
11:46 of 3rd period - Shot Misses the Net.
11:48 of 3rd period - Shot by Carl Gunnarsson.
11:48 of 3rd period - Stopped by Robin Lehner without a rebound.
11:49 of 3rd period - Kyle Connor wins face-off versus Curtis Lazar in VICTORIA GLADIATORS zone.
12:18 of 3rd period - Icing by Brady Skjei.
12:19 of 3rd period - Mikael Backlund wins face-off versus Connor McDavid in VICTORIA GLADIATORS zone.
12:29 of 3rd period - Kyle Connor is hit by Carl Gunnarsson and loses puck.
12:33 of 3rd period - Icing by Nathan Beaulieu.
12:34 of 3rd period - Connor McDavid wins face-off versus Anze Kopitar in ANCHORAGE ACES zone.
12:40 of 3rd period - Anze Kopitar is hit by Nathan Beaulieu.
12:52 of 3rd period - Shot by Nikolaj Ehlers.
12:52 of 3rd period - Stopped by Robin Lehner without a rebound.
12:53 of 3rd period - Phillip Danault wins face-off versus Derek Grant in VICTORIA GLADIATORS zone.
12:56 of 3rd period - Shot by Chris Kreider.
12:56 of 3rd period - Shot Misses the Net.
13:34 of 3rd period - Shot by Phillip Danault.
13:34 of 3rd period - Shot Blocked by Nikita Zaitsev.
14:08 of 3rd period - Shot by Nathan MacKinnon.
14:08 of 3rd period - Shot Blocked by Duncan Keith.
14:16 of 3rd period - Shot by Nathan MacKinnon.
14:16 of 3rd period - Stopped by Robin Lehner without a rebound.
14:17 of 3rd period - Curtis Lazar wins face-off versus Mikael Backlund in VICTORIA GLADIATORS zone.
14:20 of 3rd period - Shot by Artturi Lehkonen.
14:20 of 3rd period - Stopped by Robin Lehner with a rebound.
14:40 of 3rd period - Shot by Kyle Connor.
14:40 of 3rd period - Shot Misses the Net.
15:39 of 3rd period - Bryan Rust is hit by Nathan Beaulieu and loses puck.
16:33 of 3rd period - Shot by Connor McDavid.
16:33 of 3rd period - Stopped by Robin Lehner without a rebound.
16:34 of 3rd period - Jakub Voracek wins face-off versus Phillip Danault in VICTORIA GLADIATORS zone.
16:34 of 3rd period - Jakub Voracek is hit by Chris Kreider.
16:41 of 3rd period - Kyle Connor is hit by Ben Chiarot and loses puck.
17:02 of 3rd period - Kyle Connor is hit by Phillip Danault and loses puck.
17:21 of 3rd period - Shot by Jakob Silfverberg.
17:21 of 3rd period - Shot Misses the Net.
17:44 of 3rd period - Icing by Nathan MacKinnon.
17:45 of 3rd period - Connor McDavid wins face-off versus Anze Kopitar in ANCHORAGE ACES zone.
17:50 of 3rd period - Shot by Nikolaj Ehlers.
17:50 of 3rd period - Stopped by Robin Lehner without a rebound.
17:51 of 3rd period - Anze Kopitar wins face-off versus Jacob de la Rose in VICTORIA GLADIATORS zone.
17:56 of 3rd period - Shot by Anze Kopitar.
17:56 of 3rd period - Deflect By Jaden Schwartz.
17:56 of 3rd period - Shot Misses the Net.
18:04 of 3rd period - Shot by Anze Kopitar.
18:04 of 3rd period - Shot Blocked by Shea Weber.
18:37 of 3rd period - Icing by Shea Weber.
18:38 of 3rd period - Derek Grant wins face-off versus Jacob de la Rose in ANCHORAGE ACES zone.
18:39 of 3rd period - Shot by Conor Garland.
18:39 of 3rd period - Shot Misses the Net.
18:41 of 3rd period - Shot by Nick Holden.
18:41 of 3rd period - Stopped by Carey Price without a rebound.
18:42 of 3rd period - Kyle Connor wins face-off versus Connor McDavid in ANCHORAGE ACES zone.
19:09 of 3rd period - Shot by Nikolaj Ehlers.
19:09 of 3rd period - Stopped by Robin Lehner without a rebound.
19:10 of 3rd period - Phillip Danault wins face-off versus Anze Kopitar in VICTORIA GLADIATORS zone.
19:11 of 3rd period - Shot by Chris Kreider.
19:11 of 3rd period - Shot Blocked by Anze Kopitar.
19:23 of 3rd period - VICTORIA GLADIATORS, Robin Lehner is pulled from the net.
19:41 of 3rd period - Shot by Anze Kopitar.
19:41 of 3rd period - Deflect By Kyle Connor.
19:41 of 3rd period - Stopped by Carey Price without a rebound.
19:42 of 3rd period - Anze Kopitar wins face-off versus Phillip Danault in ANCHORAGE ACES zone.
19:51 of 3rd period - Shot by Anze Kopitar.
19:51 of 3rd period - Deflect By Kyle Connor.
19:51 of 3rd period - Stopped by Carey Price without a rebound.
19:52 of 3rd period - Anze Kopitar wins face-off versus Phillip Danault in ANCHORAGE ACES zone.
Goals for this period are 1 for ANCHORAGE ACES vs 0 for VICTORIA GLADIATORS.
Shots for this period are 17 for ANCHORAGE ACES vs 7 for VICTORIA GLADIATORS.


JOHNNY
GAUDREAU
MATTHEW
BOLDY
OWEN
TIPPETT

EAST COAST

HOCKEY LEAGUE

  • 29.PIT6MAN7
  • 30.ATL6NHW2
  • 31.WOR4PET3
  • 32.3RHI4
  • 33.CHIQUE
  • 34.LIMCHA
  • 35.LONTRV
  • 36.BALCHW